 Dungeon Crawl Stone Soup version 0.17.1-3-g152610e (webtiles) character file.

226 Heskey the Covered (level 6, 0/40 HPs)
             Began as a Gargoyle Fighter on Mar 21, 2016.
             Was a Follower of Qazlal.
             Slain by an ogre
             ... wielding a +0 giant spiked club
              (18 damage)
             ... on level 4 of the Dungeon.
             The game lasted 00:05:02 (2840 turns).

Heskey the Covered (Gargoyle Fighter)               Turns: 2840, Time: 00:05:02

Health: 0/40       AC: 18    Str: 21    XL:     6   Next: 1%
Magic:  6/6        EV:  5    Int:  9    God:    Qazlal [*.....]
Gold:   22         SH: 10    Dex:  9    Spells: 0 memorised, 5 levels left

rFire  . . .     SeeInvis .     a - +0 flail
rCold  . . .     Clarity  .     l - +0 chain mail
rNeg   + . .     SustAt   .     c - +0 shield
rPois  ∞         Gourm    .     (no helmet)
rElec  +         Spirit   .     s - +2 cloak {+Inv}
rCorr  .         Warding  .     (no gloves)
rMut   .         Stasis   .     j - +0 pair of boots
MR     .....                    (no amulet)
Stlth  ..........               (no ring)
                                (no ring)

@: not resistant to hostile enchantments, extremely unstealthy
A: negative energy resistance 1, electricity resistance, unbreathing,
petrification resistance, rot immunity, AC +4
a: Renounce Religion, Evoke Invisibility


You were on level 4 of the Dungeon.
You worshipped Qazlal.
Qazlal was aware of your devotion.
You were hungry.

You visited 1 branch of the dungeon, and saw 4 of its levels.

You collected 127 gold pieces.
You spent 105 gold pieces at shops.

Inventory:

Hand Weapons
 a - a +0 flail (weapon)
Armour
 c - a +0 shield (worn)
 j - a +0 pair of boots (worn)
 l - a +0 chain mail (worn)
 s - a +2 cloak of invisibility (worn)
Wands
 r - a wand of digging (8)
Scrolls
 f - 3 scrolls of identify
 m - 2 scrolls of noise {unknown}
 o - a scroll of recharging {unknown}
 q - a scroll of random uselessness {unknown}
Potions
 b - a potion of flight {unknown}
 d - a potion of might
 g - a potion of invisibility {unknown}
 i - 2 potions of curing
 n - 2 potions of lignification {unknown}
 t - a potion of heal wounds {unknown}
 u - a potion of poison {unknown}
Comestibles
 e - 5 bread rations
 h - a royal jelly
 k - 3 meat rations
 p - 4 fruits


   Skills:
 + Level 4.8 Fighting
 + Level 3.1 Maces & Flails
 + Level 5.4 Armour
 - Level 3.2 Shields


You had 5 spell levels left.
You didn't know any spells.

Dungeon Overview and Level Annotations

Branches:
Dungeon (4/15)
 Temple: D:4-7

Altars:
Elyvilon
Fedhas
Kikubaaqudgha
Nemelex Xobeh
Okawaru
Qazlal
Ru
The Shining One

Shops:
D:4 ?


Innate Abilities, Weirdness & Mutations

You are resistant to torment.
Your stone body is resilient (AC +4).
You are immune to poison.
You resist negative energy.
You are resistant to electric shocks.
You can survive without breathing.
You are immune to petrification.
You are immune to rotting.


Message History

The ogre is lightly wounded.
The ogre hits you but does no damage.
Your shield and chain mail prevent you from hitting the ogre.
The ogre is lightly wounded.
The worker ant bites you but does no damage.
The ogre hits you with a giant spiked club!!
Ouch! That really hurt!
You thump the ogre!
The ogre is moderately wounded.
You block the worker ant's attack. The ogre barely misses you.
The worker ant bites you but does no damage.
You thump the ogre!
The ogre is severely wounded.
You block the worker ant's attack. You block the ogre's attack.
You hit the ogre.
The ogre is severely wounded.
The worker ant bites you.
The worker ant bites you but does no damage.
The ogre hits you with a giant spiked club!!
You die...

### #§.§# #._.#
####§.§# #<##...#
#.##§.§# #.##aO.#
#(###@###
#######.#.....##
#..........)....#
#.#######.....#..#
#.# ###+### .# #(#
# ##'######
#....<..#
#.......#


You could see an ogre and a worker ant.

Vanquished Creatures
  Crazy Yiuf (D:3)
  Ijyb (D:2)
  A jelly (D:3)
  Terence (D:3)
  Natasha (D:3)
  3 adders
  An ooze (D:2)
  3 worms
  4 giant geckos
  6 bats
  2 giant cockroaches
  6 goblins
  4 hobgoblins
  2 jackals (D:3)
  8 kobolds
  A giant gecko skeleton (D:4)
  6 giant newts
  A jackal skeleton (D:4)
  6 rats
58 creatures vanquished.

Notes
Turn   | Place    | Note
--------------------------------------------------------------
     0 | D:1      | Heskey the Gargoyle Fighter began the quest for the Orb.
     0 | D:1      | Reached XP level 1. HP: 14/14 MP: 1/1
    85 | D:1      | Reached XP level 2. HP: 16/20 MP: 2/2
   151 | D:1      | Found a white marble altar of Elyvilon.
   583 | D:2      | Reached skill level 4 in Fighting
   710 | D:2      | Found a faded altar to an unknown god.
   791 | D:2      | Reached XP level 3. HP: 18/24 MP: 3/3
  1134 | D:2      | Found an iron altar of Okawaru.
  1205 | D:2      | Noticed Ijyb
  1220 | D:2      | Killed Ijyb
  1220 | D:2      | Reached XP level 4. HP: 26/29 MP: 4/4
  1728 | D:3      | Noticed Terence
  1748 | D:3      | Killed Terence
  1808 | D:3      | Found a blossoming altar of Fedhas.
  1829 | D:3      | Found a stormy altar of Qazlal.
  1852 | D:3      | Became a worshipper of Qazlal Stormbringer
  1902 | D:3      | Reached XP level 5. HP: 24/34 MP: 5/5
  2078 | D:3      | Noticed Natasha
  2081 | D:3      | Reached skill level 5 in Armour
  2089 | D:3      | Killed Natasha
  2310 | D:3      | Found an ancient bone altar of Kikubaaqudgha.
  2314 | D:3      | Found a sacrificial altar of Ru.
  2317 | D:3      | Found a sparkling altar of Nemelex Xobeh.
  2532 | D:3      | Noticed Crazy Yiuf
  2541 | D:3      | Killed Crazy Yiuf
  2541 | D:3      | Reached * piety under Qazlal
  2609 | D:4      | Reached XP level 6. HP: 40/40 MP: 6/6
  2625 | D:4      | Found Bashrept's Magic Scroll Boutique.
  2735 | D:4      | Bought a scroll of enchant armour for 105 gold pieces
  2834 | D:4      | Found a glowing golden altar of the Shining One.
  2834 | D:4      | Noticed an ogre
  2840 | D:4      | Slain by an ogre

Action                   |  1- 3 |  4- 6 || total
-------------------------+-------+-------++-------
Melee: Flail             |   108 |   151 ||   259
  Use: Scroll            |     2 |     1 ||     3
  Eat: Chunk             |     1 |     4 ||     5
       Fruit             |       |     1 ||     1
